3266 views
Uploaded 2020-03-23 21:23:13
Game version 1.32.3
38:48 long 4on4 ladder game on (8)Sanctuary_LV
Saved by Teelo
3266 views
Uploaded 2020-03-23 21:23:13
Game version 1.32.3
38:48 long 4on4 ladder game on (8)Sanctuary_LV


188 units @ 29.9k
/ 4.3k
141 buildings @ 15.4k
/ 7.3k


| Scroll of Healing | 1 | 250 |
| Scroll of Town Portal | 1 | 350 |
| Scroll of Protection | 1 | 150 |
| total: | 3 | 750g |
| Peasant | 8 | 600 | / | 0 |
| Footman | 5 | 675 | / | 0 |
| Gryphon Rider | 14 | 3920 | / | 980 |
| Priest | 14 | 1890 | / | 140 |
| Goblin Shredder | 1 | 375 | / | 100 |
| total: | 42 | 7460g | / | 1220w |
| Scout Tower | 5 | 150 | / | 100 |
| Guard Tower | 5 | 350 | / | 250 |
| Altar of Kings | 1 | 180 | / | 50 |
| Barracks | 1 | 160 | / | 60 |
| Farm | 11 | 880 | / | 220 |
| Lumber Mill | 1 | 120 | / | 0 |
| Town Hall | 3 | 1155 | / | 615 |
| Blacksmith | 1 | 140 | / | 60 |
| Arcane Vault | 1 | 130 | / | 30 |
| Gryphon Aviary | 3 | 420 | / | 450 |
| Arcane Sanctum | 1 | 150 | / | 140 |
| Workshop | 1 | 140 | / | 140 |
| Keep | 1 | 320 | / | 210 |
| Castle | 1 | 360 | / | 210 |
| total: | 29 | 3625g | / | 1865w |
| 0:04 | Peasant |
| 0:04 | Peasant |
| 0:04 | Peasant |
| 0:05 | Peasant |
| 0:17 | Altar of Kings |
| 0:24 | Barracks |
| 0:32 | Farm |
| 1:04 | Peasant |
| 1:09 | Lumber Mill |
| 1:12 | Peasant |
| 1:18 | Farm |
| 1:28 | Footman |
| 1:56 | Footman |
| 2:00 | Peasant |
| 2:06 | Farm |
| 2:28 | Summon Water Elemental |
| 2:35 | Footman |
| 2:36 | Footman |
| 2:39 | Peasant |
| 2:47 | Farm |
| 3:14 | Keep |
| 3:23 | Footman |
| 3:31 | Farm |
| 4:26 | Town Hall |
| 4:36 | Blacksmith |
| 4:40 | Brilliance Aura |
| 5:31 | Goblin Shredder |
| 6:31 | Castle |
| 6:36 | Gryphon Aviary |
| 6:39 | Gryphon Aviary |
| 6:50 | Arcane Sanctum |
| 7:17 | Iron Forged Swords |
| 7:17 | Studded Leather Armor |
| 7:56 | Gryphon Aviary |
| 8:07 | Farm |
| 8:13 | Summon Water Elemental |
| 8:31 | Priest Adept Training |
| 8:37 | Scout Tower |
| 9:01 | Storm Hammers |
| 9:03 | Animal War Training |
| 9:06 | Farm |
| 9:11 | Guard Tower |
| 9:13 | Scout Tower |
| 9:23 | Improved Lumber Harvesting |
| 9:46 | Farm |
| 9:48 | Guard Tower |
| 9:51 | Priest Master Training |
| 9:57 | Scout Tower |
| 10:03 | Gryphon Rider |
| 10:31 | Brilliance Aura |
| 10:52 | Gryphon Rider |
| 10:55 | Priest |
| 10:55 | Priest |
| 10:55 | Priest |
| 10:59 | Farm |
| 11:07 | Guard Tower |
| 11:10 | Scout Tower |
| 11:40 | Gryphon Rider |
| 11:48 | Guard Tower |
| 11:53 | Farm |
| 12:35 | Devotion Aura |
| 12:51 | Scout Tower |
| 12:54 | Farm |
| 12:58 | Gryphon Rider |
| 13:00 | Priest |
| 13:00 | Priest |
| 13:01 | Priest |
| 13:21 | Guard Tower |
| 13:25 | Workshop |
| 13:29 | Improved Masonry |
| 14:08 | Holy Light |
| 14:47 | Devotion Aura |
| 15:09 | Gryphon Rider |
| 15:29 | Summon Water Elemental |
| 16:39 | Divine Shield |
| 17:25 | Gryphon Rider |
| 17:29 | Reinforced Leather Armor |
| 17:29 | Steel Forged Swords |
| 17:33 | Priest |
| 17:47 | Mass Teleport |
| 18:40 | Devotion Aura |
| 19:10 | Gryphon Rider |
| 19:50 | Magic Sentry |
| 20:01 | Gryphon Rider |
| 20:31 | Priest |
| 20:31 | Priest |
| 20:31 | Priest |
| 20:33 | Priest |
| 20:50 | Gryphon Rider |
| 21:00 | Brilliance Aura |
| 21:36 | Dragonhide Armor |
| 21:42 | Mithril Forged Swords |
| 23:02 | Priest |
| 23:04 | Priest |
| 23:04 | Priest |
| 24:00 | Gryphon Rider |
| 25:03 | Gryphon Rider |
| 26:27 | Blizzard |
| 26:59 | Gryphon Rider |
| 27:12 | Town Hall |
| 27:43 | Resurrection |
| 29:15 | Town Hall |
| 30:04 | Gryphon Rider |
| 30:11 | Arcane Vault |
| 30:26 | Scroll of Protection |
| 30:27 | Scroll of Healing |
| 30:28 | Scroll of Town Portal |
| 32:03 | Iron Plating |
| 32:03 | Black Gunpowder |
| 32:06 | Advanced Lumber Harvesting |
| 32:08 | Advanced Masonry |
| 32:51 | Blizzard |
| 32:54 | Divine Shield |
| 33:10 | Sorceress Adept Training |
| 33:11 | Control Magic |
| 35:48 | Gryphon Rider |
| Right click | 811 |
| Select | 455 |
| Chat | 162 |
| Build/train/purchase | 136 |
| Use ability | 36 |
| Minimap ping | 8 |
| Item give/drop | 2 |

| Peasant | 15 | 1125 | / | 0 |
| Footman | 5 | 675 | / | 0 |
| Rifleman | 3 | 615 | / | 90 |
| total: | 23 | 2415g | / | 90w |
| Scout Tower | 18 | 540 | / | 360 |
| Guard Tower | 10 | 700 | / | 500 |
| Arcane Tower | 4 | 280 | / | 200 |
| Altar of Kings | 1 | 180 | / | 50 |
| Barracks | 1 | 160 | / | 60 |
| Farm | 5 | 400 | / | 100 |
| Lumber Mill | 1 | 120 | / | 0 |
| Arcane Vault | 2 | 260 | / | 60 |
| Blacksmith | 1 | 140 | / | 60 |
| Keep | 1 | 320 | / | 210 |
| total: | 29 | 1800g | / | 690w |
| 0:08 | Altar of Kings |
| 0:13 | Peasant |
| 0:16 | Barracks |
| 0:19 | Peasant |
| 0:39 | Farm |
| 0:41 | Peasant |
| 0:47 | Peasant |
| 1:04 | Peasant |
| 1:18 | Farm |
| 1:23 | Footman |
| 1:23 | Footman |
| 1:43 | Peasant |
| 1:54 | Footman |
| 2:04 | Lumber Mill |
| 2:12 | Farm |
| 2:15 | Arcane Vault |
| 2:36 | Peasant |
| 2:37 | Peasant |
| 3:01 | Summon Water Elemental |
| 3:20 | Scout Tower |
| 3:23 | Scout Tower |
| 3:27 | Scout Tower |
| 3:38 | Footman |
| 3:39 | Footman |
| 3:40 | Peasant |
| 3:41 | Peasant |
| 3:43 | Farm |
| 3:51 | Guard Tower |
| 3:53 | Guard Tower |
| 3:55 | Arcane Tower |
| 3:59 | Scout Tower |
| 4:09 | Scout Tower |
| 4:13 | Scout Tower |
| 4:29 | Arcane Tower |
| 4:32 | Peasant |
| 4:34 | Peasant |
| 4:37 | Farm |
| 4:42 | Guard Tower |
| 4:48 | Guard Tower |
| 5:10 | Scout Tower |
| 5:16 | Scout Tower |
| 5:28 | Blacksmith |
| 5:41 | Arcane Tower |
| 5:43 | Guard Tower |
| 5:51 | Scout Tower |
| 5:55 | Scout Tower |
| 6:14 | Improved Masonry |
| 6:19 | Scout Tower |
| 6:22 | Arcane Tower |
| 6:23 | Guard Tower |
| 6:35 | Arcane Vault |
| 6:47 | Scout Tower |
| 6:48 | Guard Tower |
| 6:55 | Scout Tower |
| 7:06 | Guard Tower |
| 7:10 | Scout Tower |
| 7:25 | Guard Tower |
| 7:47 | Blizzard |
| 9:19 | Keep |
| 9:23 | Rifleman |
| 9:23 | Rifleman |
| 9:29 | Scout Tower |
| 9:31 | Scout Tower |
| 9:34 | Scout Tower |
| 9:37 | Scout Tower |
| 10:06 | Guard Tower |
| 10:12 | Rifleman |
| 11:42 | Peasant |
| 11:42 | Peasant |
| 11:43 | Peasant |
| Right click | 425 |
| Select | 413 |
| Chat | 69 |
| Build/train/purchase | 51 |
| Use ability | 34 |
| Resource trade | 16 |
| Minimap ping | 7 |
| Misc. action | 3 |


| Lesser Clarity Potion | 1 | 70 |
| Potion of Healing | 2 | 300 |
| Orb of Venom | 1 | 325 |
| Staff of Preservation | 2 | 300 |
| Scroll of Town Portal | 7 | 2450 |
| Scroll of Healing | 1 | 250 |
| total: | 14 | 3695g |
| Wisp | 27 | 1620 | / | 0 |
| Archer | 7 | 910 | / | 70 |
| Huntress | 5 | 975 | / | 100 |
| Chimaera | 17 | 5610 | / | 1190 |
| Faerie Dragon | 2 | 310 | / | 50 |
| Hippogryph | 5 | 800 | / | 100 |
| total: | 63 | 10225g | / | 1510w |
| Ancient Protector | 9 | 1215 | / | 720 |
| Altar of Elders | 1 | 180 | / | 50 |
| Moon Well | 10 | 1800 | / | 400 |
| Ancient of War | 1 | 150 | / | 60 |
| Hunter's Hall | 1 | 210 | / | 100 |
| Ancient of Wonders | 1 | 90 | / | 30 |
| Tree of Life | 3 | 1020 | / | 555 |
| Ancient of Wind | 1 | 150 | / | 140 |
| Chimaera Roost | 2 | 280 | / | 380 |
| Tree of Ages | 2 | 640 | / | 360 |
| Tree of Eternity | 2 | 660 | / | 400 |
| total: | 29 | 5095g | / | 2435w |
| 0:06 | Altar of Elders |
| 0:06 | Wisp |
| 0:06 | Wisp |
| 0:07 | Wisp |
| 0:10 | Moon Well |
| 0:23 | Wisp |
| 0:40 | Wisp |
| 0:52 | Ancient of War |
| 0:54 | Wisp |
| 1:09 | Wisp |
| 1:13 | Wisp |
| 1:14 | Wisp |
| 1:33 | Moon Well |
| 1:38 | Wisp |
| 1:55 | Archer |
| 1:55 | Archer |
| 2:06 | Force of Nature |
| 2:08 | Archer |
| 2:09 | Archer |
| 2:11 | Wisp |
| 2:22 | Hunter's Hall |
| 2:41 | Moon Well |
| 2:45 | Wisp |
| 2:45 | Wisp |
| 2:58 | Archer |
| 3:06 | Wisp |
| 3:07 | Wisp |
| 3:08 | Wisp |
| 3:58 | Tree of Ages |
| 4:40 | Ancient Protector |
| 4:44 | Ancient Protector |
| 4:48 | Ancient Protector |
| 4:49 | Ancient Protector |
| 4:55 | Huntress |
| 4:55 | Huntress |
| 5:41 | Ancient Protector |
| 6:24 | Huntress |
| 6:24 | Huntress |
| 6:25 | Huntress |
| 6:28 | Ancient Protector |
| 6:32 | Ancient Protector |
| 6:33 | Wisp |
| 6:34 | Wisp |
| 6:37 | Ancient Protector |
| 6:46 | Thorns Aura |
| 6:52 | Wisp |
| 6:59 | Ancient of Wind |
| 7:01 | Archer |
| 7:01 | Archer |
| 7:12 | Ancient Protector |
| 7:16 | Moon Well |
| 7:20 | Ancient of Wonders |
| 7:30 | Tree of Eternity |
| 8:11 | Strength of the Wild |
| 8:42 | Moon Well |
| 8:44 | Moon Well |
| 9:14 | Moon Well |
| 9:54 | Entangling Roots |
| 9:55 | Entangling Roots |
| 10:07 | Chimaera Roost |
| 10:12 | Wisp |
| 10:12 | Wisp |
| 10:12 | Wisp |
| 10:12 | Wisp |
| 11:24 | Scroll of Town Portal |
| 11:30 | Chimaera |
| 11:30 | Chimaera |
| 11:52 | Lesser Clarity Potion |
| 11:55 | Potion of Healing |
| 12:10 | Chimaera Roost |
| 12:37 | Chimaera |
| 12:37 | Chimaera |
| 13:44 | Faerie Dragon |
| 13:46 | Chimaera |
| 13:46 | Chimaera |
| 13:49 | Corrosive Breath |
| 13:59 | Thorns Aura |
| 14:04 | Chimaera |
| 14:22 | Orb of Venom |
| 14:23 | Staff of Preservation |
| 14:24 | Potion of Healing |
| 14:25 | Scroll of Town Portal |
| 14:49 | Moon Well |
| 14:50 | Chimaera |
| 14:51 | Chimaera |
| 14:53 | Improved Strength of the Wild |
| 14:54 | Well Spring |
| 15:19 | Trueshot Aura |
| 15:20 | Searing Arrows |
| 15:50 | Faerie Dragon |
| 17:46 | Tree of Life |
| 17:59 | Chimaera |
| 18:00 | Chimaera |
| 18:00 | Chimaera |
| 18:03 | Trueshot Aura |
| 18:08 | Moon Well |
| 18:11 | Moon Well |
| 18:18 | Scroll of Town Portal |
| 18:20 | Advanced Strength of the Wild |
| 18:34 | Reinforced Hides |
| 18:39 | Thorns Aura |
| 19:49 | Chimaera |
| 21:18 | Searing Arrows |
| 22:09 | Wisp |
| 22:09 | Wisp |
| 22:10 | Wisp |
| 22:10 | Wisp |
| 22:13 | Hippogryph |
| 22:13 | Hippogryph |
| 22:13 | Hippogryph |
| 23:27 | Scroll of Town Portal |
| 23:29 | Scroll of Town Portal |
| 25:21 | Tranquility |
| 25:36 | Trueshot Aura |
| 25:47 | Chimaera |
| 25:49 | Hippogryph |
| 25:49 | Hippogryph |
| 25:58 | Staff of Preservation |
| 26:00 | Scroll of Town Portal |
| 27:10 | Scroll of Healing |
| 27:18 | Scroll of Town Portal |
| 27:36 | Chimaera |
| 28:18 | Starfall |
| 28:36 | Force of Nature |
| 29:32 | Tree of Life |
| 29:36 | Tree of Life |
| 29:59 | Chimaera |
| 30:00 | Chimaera |
| 30:38 | Improved Reinforced Hides |
| 30:57 | Searing Arrows |
| 31:39 | Force of Nature |
| 32:13 | Advanced Reinforced Hides |
| 37:25 | Ultravision |
| Right click | 2161 |
| Select | 656 |
| Build/train/purchase | 142 |
| Chat | 92 |
| Use ability | 31 |
| Resource trade | 15 |
| Item give/drop | 12 |
| Remove unit | 5 |
| Esc | 5 |
⇛
Teelo
(78)
(38:47) : 
| Lesser Clarity Potion | 3 | 210 |
| Scroll of Regeneration | 7 | 700 |
| Potion of Healing | 7 | 1050 |
| Ivory Tower | 4 | 160 |
| Orb of Fire | 1 | 325 |
| Scroll of Town Portal | 4 | 1400 |
| total: | 26 | 3845g |
| Peasant | 26 | 1950 | / | 0 |
| Spell Breaker | 20 | 4300 | / | 600 |
| Knight | 13 | 3185 | / | 780 |
| Goblin Shredder | 1 | 375 | / | 100 |
| total: | 60 | 9810g | / | 1480w |
| Scout Tower | 30 | 900 | / | 600 |
| Arcane Tower | 2 | 140 | / | 100 |
| Guard Tower | 18 | 1260 | / | 900 |
| Altar of Kings | 1 | 180 | / | 50 |
| Farm | 11 | 880 | / | 220 |
| Arcane Vault | 1 | 130 | / | 30 |
| Town Hall | 5 | 1925 | / | 1025 |
| Lumber Mill | 1 | 120 | / | 0 |
| Blacksmith | 1 | 140 | / | 60 |
| Barracks | 3 | 480 | / | 180 |
| Arcane Sanctum | 1 | 150 | / | 140 |
| Keep | 2 | 640 | / | 420 |
| Castle | 1 | 360 | / | 210 |
| total: | 54 | 4905g | / | 2305w |
| 0:03 | Peasant |
| 0:03 | Peasant |
| 0:03 | Peasant |
| 0:20 | Altar of Kings |
| 0:29 | Peasant |
| 0:34 | Farm |
| 0:50 | Scout Tower |
| 0:54 | Peasant |
| 0:54 | Peasant |
| 0:55 | Peasant |
| 0:56 | Peasant |
| 1:16 | Farm |
| 1:19 | Arcane Tower |
| 1:34 | Farm |
| 1:46 | Peasant |
| 1:46 | Peasant |
| 2:13 | Arcane Vault |
| 2:17 | Peasant |
| 2:17 | Peasant |
| 2:24 | Blizzard |
| 2:57 | Brilliance Aura |
| 3:12 | Peasant |
| 3:12 | Peasant |
| 3:12 | Peasant |
| 3:21 | Town Hall |
| 3:26 | Lesser Clarity Potion |
| 3:27 | Scroll of Regeneration |
| 4:03 | Peasant |
| 4:03 | Peasant |
| 4:07 | Lumber Mill |
| 4:13 | Farm |
| 4:16 | Farm |
| 4:26 | Scout Tower |
| 4:27 | Scout Tower |
| 4:28 | Scout Tower |
| 4:28 | Scout Tower |
| 4:35 | Peasant |
| 4:35 | Peasant |
| 4:50 | Blacksmith |
| 4:54 | Arcane Tower |
| 4:57 | Lesser Clarity Potion |
| 5:36 | Blizzard |
| 5:52 | Town Hall |
| 5:54 | Scout Tower |
| 5:54 | Scout Tower |
| 5:55 | Scout Tower |
| 5:59 | Peasant |
| 6:00 | Peasant |
| 6:00 | Peasant |
| 6:00 | Peasant |
| 6:03 | Guard Tower |
| 6:09 | Scroll of Regeneration |
| 6:24 | Guard Tower |
| 6:46 | Guard Tower |
| 6:55 | Guard Tower |
| 7:02 | Guard Tower |
| 7:22 | Guard Tower |
| 7:48 | Keep |
| 7:58 | Scout Tower |
| 8:37 | Iron Forged Swords |
| 8:37 | Iron Plating |
| 8:49 | Guard Tower |
| 8:51 | Improved Masonry |
| 8:55 | Barracks |
| 8:58 | Barracks |
| 8:58 | Barracks |
| 9:34 | Farm |
| 9:36 | Farm |
| 9:39 | Farm |
| 9:39 | Farm |
| 9:40 | Farm |
| 9:40 | Farm |
| 9:55 | Keep |
| 10:10 | Arcane Sanctum |
| 10:14 | Lesser Clarity Potion |
| 10:40 | Castle |
| 11:22 | Steel Forged Swords |
| 11:22 | Steel Plating |
| 11:40 | Potion of Healing |
| 11:41 | Scroll of Town Portal |
| 11:43 | Scroll of Regeneration |
| 11:45 | Ivory Tower |
| 11:45 | Ivory Tower |
| 11:54 | Spell Breaker |
| 11:54 | Spell Breaker |
| 11:55 | Spell Breaker |
| 11:55 | Spell Breaker |
| 11:55 | Spell Breaker |
| 12:10 | Mithril Plating |
| 12:12 | Guard Tower |
| 12:29 | Goblin Shredder |
| 13:03 | Knight |
| 13:05 | Sundering Blades |
| 13:22 | Animal War Training |
| 13:24 | Spell Breaker |
| 13:25 | Knight |
| 13:25 | Knight |
| 13:32 | Brilliance Aura |
| 13:52 | Knight |
| 14:18 | Magic Sentry |
| 14:32 | Peasant |
| 14:35 | Mithril Forged Swords |
| 14:43 | Brilliance Aura |
| 15:07 | Knight |
| 16:35 | Mass Teleport |
| 17:06 | Spell Breaker |
| 17:06 | Spell Breaker |
| 17:07 | Spell Breaker |
| 17:13 | Knight |
| 17:14 | Knight |
| 18:00 | Knight |
| 18:10 | Spell Breaker |
| 18:11 | Spell Breaker |
| 18:11 | Spell Breaker |
| 18:11 | Spell Breaker |
| 18:26 | Blizzard |
| 18:34 | Potion of Healing |
| 18:37 | Potion of Healing |
| 18:43 | Scroll of Regeneration |
| 18:45 | Blizzard |
| 19:12 | Scroll of Town Portal |
| 19:18 | Orb of Fire |
| 21:45 | Spell Breaker |
| 21:45 | Spell Breaker |
| 22:05 | Scroll of Town Portal |
| 22:05 | Potion of Healing |
| 22:07 | Scroll of Regeneration |
| 22:09 | Potion of Healing |
| 22:50 | Knight |
| 23:16 | Summon Water Elemental |
| 23:24 | Control Magic |
| 24:11 | Scroll of Town Portal |
| 24:13 | Ivory Tower |
| 24:17 | Knight |
| 24:21 | Spell Breaker |
| 24:21 | Spell Breaker |
| 24:23 | Guard Tower |
| 24:49 | Scroll of Regeneration |
| 24:51 | Ivory Tower |
| 25:00 | Guard Tower |
| 25:06 | Potion of Healing |
| 25:16 | Potion of Healing |
| 25:30 | Knight |
| 25:39 | Scroll of Regeneration |
| 26:10 | Spell Breaker |
| 26:10 | Spell Breaker |
| 26:10 | Spell Breaker |
| 26:13 | Knight |
| 27:22 | Town Hall |
| 27:24 | Scout Tower |
| 27:24 | Scout Tower |
| 27:25 | Scout Tower |
| 27:26 | Scout Tower |
| 27:26 | Scout Tower |
| 27:36 | Summon Water Elemental |
| 28:22 | Guard Tower |
| 28:49 | Guard Tower |
| 29:05 | Summon Water Elemental |
| 29:30 | Knight |
| 30:03 | Peasant |
| 30:03 | Peasant |
| 30:53 | Town Hall |
| 30:54 | Scout Tower |
| 30:55 | Scout Tower |
| 30:55 | Scout Tower |
| 30:55 | Scout Tower |
| 30:56 | Scout Tower |
| 30:56 | Scout Tower |
| 30:57 | Scout Tower |
| 30:57 | Scout Tower |
| 30:57 | Scout Tower |
| 31:39 | Town Hall |
| 31:41 | Scout Tower |
| 31:42 | Scout Tower |
| 31:42 | Scout Tower |
| 31:42 | Scout Tower |
| 31:43 | Scout Tower |
| 31:43 | Scout Tower |
| 31:43 | Scout Tower |
| 31:47 | Guard Tower |
| 33:04 | Guard Tower |
| 34:32 | Black Gunpowder |
| 34:33 | Studded Leather Armor |
| 35:48 | Guard Tower |
| 35:52 | Guard Tower |
| Select group | 719 |
| Right click | 522 |
| Chat | 489 |
| Select | 343 |
| Assign group | 255 |
| Misc. action | 241 |
| Build/train/purchase | 210 |
| Use ability | 161 |
| Resource trade | 68 |
| Item give/drop | 7 |
| Minimap ping | 5 |
| Remove unit | 1 |
240 units @ 29.7k
/ 3.8k
84 buildings @ 13.9k
/ 5.6k

| Scroll of Regeneration | 1 | 100 |
| Lesser Clarity Potion | 3 | 210 |
| Potion of Mana | 1 | 200 |
| Scroll of Town Portal | 1 | 350 |
| total: | 6 | 860g |
| Peasant | 9 | 675 | / | 0 |
| Footman | 22 | 2970 | / | 0 |
| Rifleman | 16 | 3280 | / | 480 |
| total: | 47 | 6925g | / | 480w |
| Scout Tower | 1 | 30 | / | 20 |
| Guard Tower | 1 | 70 | / | 50 |
| Altar of Kings | 1 | 180 | / | 50 |
| Farm | 13 | 1040 | / | 260 |
| Barracks | 2 | 320 | / | 120 |
| Arcane Vault | 1 | 130 | / | 30 |
| Lumber Mill | 1 | 120 | / | 0 |
| Blacksmith | 1 | 140 | / | 60 |
| Town Hall | 1 | 385 | / | 205 |
| Keep | 1 | 320 | / | 210 |
| Castle | 1 | 360 | / | 210 |
| total: | 21 | 2345g | / | 745w |
| 0:04 | Altar of Kings |
| 0:07 | Farm |
| 0:08 | Peasant |
| 0:10 | Peasant |
| 0:11 | Peasant |
| 0:28 | Barracks |
| 0:41 | Peasant |
| 0:56 | Farm |
| 1:20 | Peasant |
| 1:22 | Peasant |
| 1:35 | Footman |
| 1:53 | Arcane Vault |
| 2:07 | Storm Bolt |
| 2:13 | Farm |
| 2:20 | Footman |
| 2:40 | Footman |
| 2:48 | Peasant |
| 2:57 | Farm |
| 3:18 | Footman |
| 3:32 | Lumber Mill |
| 3:40 | Footman |
| 4:10 | Footman |
| 4:10 | Footman |
| 4:30 | Thunder Clap |
| 4:33 | Farm |
| 5:01 | Footman |
| 5:01 | Footman |
| 5:04 | Footman |
| 5:05 | Footman |
| 5:05 | Footman |
| 5:21 | Farm |
| 5:30 | Scroll of Regeneration |
| 5:31 | Lesser Clarity Potion |
| 6:25 | Footman |
| 6:25 | Footman |
| 6:26 | Footman |
| 6:26 | Footman |
| 6:57 | Keep |
| 7:25 | Blacksmith |
| 8:17 | Defend |
| 8:25 | Storm Bolt |
| 8:43 | Footman |
| 8:43 | Footman |
| 8:43 | Footman |
| 9:17 | Iron Forged Swords |
| 9:22 | Barracks |
| 9:26 | Iron Plating |
| 9:29 | Peasant |
| 9:29 | Peasant |
| 10:27 | Footman |
| 10:27 | Footman |
| 10:29 | Steel Forged Swords |
| 11:13 | Bash |
| 11:30 | Farm |
| 11:32 | Castle |
| 11:34 | Farm |
| 11:38 | Footman |
| 12:04 | Steel Plating |
| 13:10 | Farm |
| 13:12 | Farm |
| 13:23 | Scout Tower |
| 13:47 | Rifleman |
| 13:47 | Rifleman |
| 14:27 | Black Gunpowder |
| 14:32 | Farm |
| 14:35 | Farm |
| 14:39 | Studded Leather Armor |
| 14:45 | Guard Tower |
| 15:16 | Long Rifles |
| 15:17 | Rifleman |
| 15:38 | Refined Gunpowder |
| 15:43 | Farm |
| 15:56 | Improved Lumber Harvesting |
| 16:18 | Rifleman |
| 16:38 | Lesser Clarity Potion |
| 17:25 | Rifleman |
| 17:26 | Reinforced Leather Armor |
| 17:43 | Scroll of Town Portal |
| 18:16 | Storm Bolt |
| 19:28 | Rifleman |
| 19:32 | Imbued Gunpowder |
| 19:34 | Rifleman |
| 20:12 | Rifleman |
| 20:50 | Rifleman |
| 21:21 | Rifleman |
| 21:52 | Avatar |
| 22:41 | Rifleman |
| 22:41 | Rifleman |
| 23:00 | Thunder Clap |
| 23:03 | Potion of Mana |
| 23:57 | Dragonhide Armor |
| 25:47 | Town Hall |
| 26:06 | Rifleman |
| 26:07 | Rifleman |
| 26:29 | Lesser Clarity Potion |
| 26:41 | Rifleman |
| 27:23 | Rifleman |
| Right click | 606 |
| Select | 360 |
| Chat | 317 |
| Build/train/purchase | 91 |
| Assign group | 61 |
| Misc. action | 51 |
| Select group | 39 |
| Use ability | 26 |
| Resource trade | 4 |
| Minimap ping | 2 |
| Remove unit | 1 |

| Peon | 18 | 1350 | / | 0 |
| Grunt | 10 | 2000 | / | 0 |
| Troll Headhunter | 17 | 2380 | / | 340 |
| Demolisher | 2 | 440 | / | 100 |
| Shaman | 11 | 1430 | / | 220 |
| Troll Berserker | 8 | 1120 | / | 160 |
| Peasant | 2 | 150 | / | 0 |
| total: | 68 | 8870g | / | 820w |
| Watch Tower | 1 | 110 | / | 80 |
| Altar of Storms | 1 | 180 | / | 50 |
| Orc Burrow | 6 | 960 | / | 240 |
| Barracks | 2 | 360 | / | 100 |
| War Mill | 1 | 205 | / | 0 |
| Voodoo Lounge | 1 | 130 | / | 30 |
| Great Hall | 3 | 1155 | / | 555 |
| Spirit Lodge | 2 | 300 | / | 300 |
| Stronghold | 2 | 630 | / | 380 |
| Fortress | 1 | 325 | / | 190 |
| Tree of Life | 2 | 680 | / | 370 |
| Town Hall | 2 | 770 | / | 410 |
| total: | 21 | 4850g | / | 2135w |
| 0:05 | Peon |
| 0:10 | Altar of Storms |
| 0:14 | Orc Burrow |
| 0:26 | Barracks |
| 0:32 | Peon |
| 0:50 | Peon |
| 1:21 | Orc Burrow |
| 1:24 | Peon |
| 1:36 | Grunt |
| 2:11 | Grunt |
| 2:13 | Peon |
| 2:13 | Peon |
| 2:48 | War Mill |
| 2:53 | Feral Spirit |
| 3:19 | Pillage |
| 3:21 | Peon |
| 3:21 | Peon |
| 3:21 | Peon |
| 3:41 | Grunt |
| 3:41 | Grunt |
| 4:13 | Chain Lighting |
| 4:42 | Orc Burrow |
| 4:44 | Troll Headhunter |
| 4:45 | Troll Headhunter |
| 4:55 | Stronghold |
| 5:05 | Stronghold |
| 6:02 | Troll Headhunter |
| 6:02 | Grunt |
| 6:04 | Orc Burrow |
| 6:13 | Feral Spirit |
| 7:09 | Watch Tower |
| 7:16 | Grunt |
| 7:16 | Grunt |
| 7:22 | Barracks |
| 7:54 | Demolisher |
| 7:54 | Demolisher |
| 8:45 | Spirit Lodge |
| 9:22 | Voodoo Lounge |
| 9:30 | Grunt |
| 9:31 | Grunt |
| 10:25 | Chain Lighting |
| 10:40 | Grunt |
| 12:00 | Shaman Adept Training |
| 12:02 | Spirit Lodge |
| 12:03 | Fortress |
| 12:07 | Orc Burrow |
| 12:32 | Great Hall |
| 12:52 | Troll Headhunter |
| 12:52 | Troll Headhunter |
| 12:52 | Troll Headhunter |
| 12:52 | Troll Headhunter |
| 12:54 | Troll Headhunter |
| 13:20 | Shaman |
| 13:20 | Shaman |
| 14:00 | Steel Ranged Weapons |
| 14:01 | Steel Armor |
| 14:20 | Troll Headhunter |
| 14:20 | Troll Headhunter |
| 14:28 | Shaman Master Training |
| 14:51 | Orc Burrow |
| 15:49 | Shaman |
| 15:49 | Shaman |
| 15:52 | Troll Headhunter |
| 15:54 | Peon |
| 16:12 | Troll Headhunter |
| 16:40 | Shaman |
| 16:40 | Shaman |
| 17:20 | Troll Headhunter |
| 17:30 | Thorium Ranged Weapons |
| 18:18 | Troll Headhunter |
| 19:28 | Shaman |
| 20:13 | Troll Headhunter |
| 21:08 | Great Hall |
| 21:54 | Troll Headhunter |
| 21:54 | Troll Headhunter |
| 22:26 | Far Sight |
| 22:47 | Berserker Upgrade |
| 22:49 | Shaman |
| 22:49 | Shaman |
| 23:58 | Peon |
| 23:58 | Peon |
| 23:58 | Peon |
| 23:59 | Peon |
| 24:10 | Troll Berserker |
| 24:11 | Troll Berserker |
| 24:13 | Shaman |
| 24:13 | Shaman |
| 24:42 | Troll Berserker |
| 24:42 | Troll Berserker |
| 26:56 | Troll Berserker |
| 27:29 | Great Hall |
| 28:03 | Troll Berserker |
| 29:03 | Troll Berserker |
| 29:03 | Troll Berserker |
| 29:13 | Arcanite Ranged Weapons |
| 31:37 | Peon |
| 31:38 | Peon |
| 31:38 | Peon |
| 31:38 | Peon |
| 31:50 | Tree of Life |
| 32:08 | Tree of Life |
| 32:39 | Town Hall |
| 33:23 | Town Hall |
| 33:28 | Peasant |
| 33:28 | Peasant |
| Right click | 968 |
| Select | 527 |
| Misc. action | 205 |
| Build/train/purchase | 107 |
| Select group | 62 |
| Chat | 46 |
| Use ability | 30 |
| Resource trade | 28 |
| Assign group | 17 |
| Remove unit | 2 |
| Esc | 2 |
| Minimap ping | 2 |


| Potion of Healing | 2 | 300 |
| Scroll of Town Portal | 1 | 350 |
| total: | 3 | 650g |
| Wisp | 16 | 960 | / | 0 |
| Archer | 14 | 1820 | / | 140 |
| Dryad | 8 | 1160 | / | 480 |
| Huntress | 1 | 195 | / | 20 |
| total: | 39 | 4135g | / | 640w |
| Altar of Elders | 1 | 180 | / | 50 |
| Moon Well | 8 | 1440 | / | 320 |
| Ancient of War | 2 | 300 | / | 120 |
| Ancient of Wonders | 1 | 90 | / | 30 |
| Hunter's Hall | 1 | 210 | / | 100 |
| Tree of Life | 1 | 340 | / | 185 |
| Ancient of Lore | 1 | 155 | / | 145 |
| Tree of Ages | 2 | 640 | / | 360 |
| total: | 15 | 2715g | / | 950w |
| 0:03 | Wisp |
| 0:03 | Wisp |
| 0:14 | Wisp |
| 0:26 | Altar of Elders |
| 0:30 | Wisp |
| 0:33 | Moon Well |
| 0:38 | Wisp |
| 0:47 | Wisp |
| 1:16 | Ancient of War |
| 1:20 | Wisp |
| 1:42 | Wisp |
| 2:00 | Tree of Ages |
| 2:14 | Moon Well |
| 2:18 | Archer |
| 2:24 | Ancient of Wonders |
| 2:30 | Immolation |
| 2:44 | Archer |
| 3:03 | Archer |
| 3:14 | Hunter's Hall |
| 3:23 | Moon Well |
| 3:36 | Archer |
| 3:50 | Archer |
| 4:40 | Wisp |
| 4:46 | Archer |
| 5:16 | Nature's Blessing |
| 5:29 | Mana Burn |
| 5:43 | Force of Nature |
| 6:29 | Wisp |
| 6:29 | Wisp |
| 6:37 | Wisp |
| 6:37 | Wisp |
| 7:01 | Ancient of Lore |
| 7:03 | Wisp |
| 7:11 | Archer |
| 7:42 | Mana Burn |
| 7:59 | Ancient of War |
| 8:02 | Moon Well |
| 8:04 | Archer |
| 8:05 | Wisp |
| 8:08 | Entangling Roots |
| 9:01 | Archer |
| 9:03 | Dryad |
| 9:07 | Moon Well |
| 9:46 | Strength of the Moon |
| 9:48 | Archer |
| 9:49 | Dryad |
| 9:52 | Moon Well |
| 10:14 | Huntress |
| 10:17 | Wisp |
| 11:30 | Moon Well |
| 11:33 | Archer |
| 11:34 | Dryad |
| 11:37 | Strength of the Wild |
| 13:01 | Improved Strength of the Wild |
| 13:02 | Dryad |
| 13:03 | Dryad |
| 13:04 | Archer |
| 13:45 | Moon Well |
| 14:23 | Dryad |
| 14:26 | Reinforced Hides |
| 15:14 | Dryad |
| 15:17 | Improved Bows |
| 15:17 | Archer |
| 15:36 | Scroll of Town Portal |
| 15:37 | Potion of Healing |
| 15:37 | Potion of Healing |
| 16:01 | Dryad |
| 16:02 | Archer |
| 16:35 | Improved Strength of the Moon |
| 17:15 | Entangling Roots |
| 17:21 | Evasion |
| 19:23 | Tree of Life |
| 23:40 | Mana Burn |
| 28:25 | Metamorphosis |
| Right click | 655 |
| Select | 408 |
| Select group | 397 |
| Misc. action | 136 |
| Build/train/purchase | 75 |
| Assign group | 33 |
| Use ability | 31 |
| Minimap ping | 24 |
| Resource trade | 9 |
| Esc | 1 |


| Scroll of Regeneration | 6 | 600 |
| Lesser Clarity Potion | 6 | 420 |
| Potion of Healing | 5 | 750 |
| Potion of Mana | 3 | 600 |
| Scroll of Town Portal | 4 | 1400 |
| Orb of Lightning | 1 | 375 |
| total: | 25 | 4145g |
| Peasant | 25 | 1875 | / | 0 |
| Footman | 9 | 1215 | / | 0 |
| Knight | 8 | 1960 | / | 480 |
| Flying Machine | 43 | 4300 | / | 1290 |
| Goblin Shredder | 1 | 375 | / | 100 |
| total: | 86 | 9725g | / | 1870w |
| Scout Tower | 1 | 30 | / | 20 |
| Arcane Tower | 1 | 70 | / | 50 |
| Altar of Kings | 2 | 360 | / | 100 |
| Farm | 12 | 960 | / | 240 |
| Barracks | 3 | 480 | / | 180 |
| Arcane Vault | 1 | 130 | / | 30 |
| Town Hall | 4 | 1540 | / | 820 |
| Lumber Mill | 1 | 120 | / | 0 |
| Blacksmith | 1 | 140 | / | 60 |
| Workshop | 2 | 280 | / | 280 |
| Keep | 1 | 320 | / | 210 |
| Castle | 1 | 360 | / | 210 |
| total: | 27 | 4040g | / | 1730w |
| 0:02 | Altar of Kings |
| 0:03 | Peasant |
| 0:04 | Peasant |
| 0:09 | Altar of Kings |
| 0:20 | Farm |
| 0:22 | Peasant |
| 0:35 | Barracks |
| 0:37 | Peasant |
| 0:44 | Farm |
| 0:47 | Farm |
| 0:52 | Peasant |
| 1:01 | Peasant |
| 1:19 | Peasant |
| 1:26 | Peasant |
| 1:36 | Footman |
| 1:50 | Arcane Vault |
| 1:55 | Peasant |
| 1:55 | Peasant |
| 2:07 | Holy Light |
| 2:08 | Footman |
| 2:16 | Peasant |
| 2:16 | Peasant |
| 2:26 | Peasant |
| 2:51 | Peasant |
| 2:51 | Peasant |
| 3:12 | Town Hall |
| 3:16 | Devotion Aura |
| 3:22 | Peasant |
| 3:22 | Peasant |
| 3:36 | Farm |
| 3:50 | Footman |
| 3:56 | Scout Tower |
| 4:22 | Scroll of Regeneration |
| 4:24 | Scroll of Regeneration |
| 4:31 | Keep |
| 5:30 | Holy Light |
| 5:36 | Goblin Shredder |
| 5:58 | Scroll of Regeneration |
| 5:59 | Lesser Clarity Potion |
| 6:22 | Lumber Mill |
| 6:23 | Blacksmith |
| 6:49 | Footman |
| 6:49 | Footman |
| 7:01 | Defend |
| 7:07 | Arcane Tower |
| 7:08 | Peasant |
| 7:16 | Footman |
| 7:39 | Potion of Healing |
| 7:39 | Potion of Mana |
| 7:51 | Footman |
| 8:30 | Footman |
| 8:30 | Footman |
| 8:47 | Castle |
| 8:54 | Improved Lumber Harvesting |
| 8:55 | Improved Masonry |
| 9:02 | Barracks |
| 9:05 | Barracks |
| 9:13 | Iron Forged Swords |
| 9:14 | Iron Plating |
| 9:15 | Scroll of Regeneration |
| 9:16 | Lesser Clarity Potion |
| 9:25 | Scroll of Town Portal |
| 9:25 | Potion of Healing |
| 9:25 | Potion of Mana |
| 9:32 | Farm |
| 9:33 | Farm |
| 9:33 | Farm |
| 9:37 | Farm |
| 9:37 | Farm |
| 9:37 | Farm |
| 9:56 | Lesser Clarity Potion |
| 9:56 | Potion of Healing |
| 9:56 | Lesser Clarity Potion |
| 10:11 | Workshop |
| 10:12 | Workshop |
| 10:34 | Steel Forged Swords |
| 11:11 | Sundering Blades |
| 11:11 | Animal War Training |
| 11:11 | Knight |
| 11:17 | Devotion Aura |
| 11:21 | Advanced Lumber Harvesting |
| 11:21 | Advanced Masonry |
| 11:23 | Steel Plating |
| 11:32 | Knight |
| 11:36 | Flak Cannons |
| 11:52 | Knight |
| 12:11 | Knight |
| 12:41 | Knight |
| 13:00 | Flying Machine |
| 13:00 | Flying Machine |
| 13:28 | Mithril Forged Swords |
| 13:38 | Flying Machine |
| 13:39 | Flying Machine |
| 13:52 | Flying Machine |
| 13:52 | Flying Machine |
| 13:59 | Flying Machine |
| 14:07 | Flying Machine |
| 14:07 | Flying Machine |
| 14:24 | Black Gunpowder |
| 14:30 | Flying Machine |
| 14:35 | Mithril Plating |
| 14:48 | Flying Machine |
| 15:01 | Flying Machine |
| 15:21 | Holy Light |
| 15:52 | Farm |
| 15:53 | Farm |
| 15:57 | Imbued Masonry |
| 16:37 | Flying Machine |
| 16:37 | Flying Machine |
| 16:37 | Flying Machine |
| 16:47 | Flying Machine |
| 16:47 | Flying Machine |
| 16:54 | Scroll of Regeneration |
| 16:55 | Lesser Clarity Potion |
| 17:03 | Potion of Healing |
| 17:16 | Flying Machine |
| 17:16 | Flying Machine |
| 17:29 | Flying Machine |
| 17:43 | Flying Machine |
| 17:47 | Resurrection |
| 18:18 | Flying Machine |
| 18:19 | Flying Machine |
| 18:29 | Flying Machine |
| 18:29 | Flying Machine |
| 18:52 | Devotion Aura |
| 18:53 | Divine Shield |
| 19:50 | Town Hall |
| 20:13 | Town Hall |
| 20:15 | Flying Machine |
| 20:21 | Storm Bolt |
| 20:26 | Flying Machine |
| 20:26 | Flying Machine |
| 20:57 | Scroll of Town Portal |
| 21:59 | Flying Machine |
| 21:59 | Flying Machine |
| 22:09 | Flying Machine |
| 22:09 | Flying Machine |
| 22:10 | Bash |
| 22:23 | Storm Bolt |
| 22:24 | Divine Shield |
| 22:39 | Flying Machine |
| 22:39 | Flying Machine |
| 22:49 | Peasant |
| 22:55 | Peasant |
| 22:55 | Peasant |
| 23:02 | Flying Machine |
| 23:32 | Flying Machine |
| 23:32 | Flying Machine |
| 23:56 | Town Hall |
| 24:00 | Flying Machine |
| 24:29 | Peasant |
| 24:29 | Peasant |
| 24:29 | Peasant |
| 25:10 | Bash |
| 25:14 | Potion of Healing |
| 25:14 | Potion of Mana |
| 25:19 | Orb of Lightning |
| 25:33 | Scroll of Town Portal |
| 25:48 | Peasant |
| 26:26 | Flying Machine |
| 26:27 | Flying Machine |
| 26:34 | Knight |
| 26:37 | Scroll of Regeneration |
| 26:38 | Lesser Clarity Potion |
| 26:47 | Scroll of Town Portal |
| 26:55 | Flying Machine |
| 27:05 | Flying Machine |
| 27:21 | Knight |
| 27:38 | Flying Machine |
| 27:39 | Knight |
| Right click | 822 |
| Select group | 813 |
| Select | 759 |
| Misc. action | 290 |
| Build/train/purchase | 198 |
| Assign group | 100 |
| Use ability | 73 |
| Minimap ping | 17 |
| Item give/drop | 11 |
| Remove unit | 6 |
| Esc | 6 |
| Resource trade | 5 |
| Chat | 4 |